Blues vs BlackHawks

Created - October 14 2009 at 19:23

Simulating a Pre-Season

Goals
1 2 3 T
Blues 1 0 0 1
BlackHawks 2 0 0 2
Shots
1 2 3 T
Blues 4 7 6 17
BlackHawks 13 8 2 23

Period #1

1. BlackHawks , Patrick Sharp 2 (Patrick Kane, Patrick Marleau) at 11:47
2. Blues , Matthew Lombardi 3 (Kristian Huselius) at 18:13
3. BlackHawks , Alexander Steen 1 (Patrick Sharp, Brett Clark) at 19:59

Penalties :
Dion Phaneuf (STL) for Charging (Minor) at 2:55, Stephane Yelle (STL) for Cross-checking (Minor) at 5:53, Dion Phaneuf (STL) for High sticking (Minor) at 15:19, Rob Niedermayer (CHI) for Tripping (Minor) at 17:57, Dion Phaneuf (STL) for Hooking (Minor) at 17:57

Period #2

No Goal

Penalties :
Brian Pothier (STL) for Slashing (Minor) at 1:20, Robert Scuderi (CHI) for Tripping (Minor) at 3:58, Mike Grier (CHI) for Tripping (Minor) at 7:29, Daymond Langkow (STL) for Hooking (Minor) at 9:37, Adam Foote (CHI) for Tripping (Minor) at 13:35, Chris Kunitz (STL) for Interference (Minor) at 13:35, Robert Scuderi (CHI) for Slashing (Minor) at 15:39

Period #3

No Goal

Penalties :
Saku Koivu (STL) for Hooking (Minor) at 4:24, Brett Clark (CHI) for Tripping (Minor) at 9:17, Hal Gill (STL) for Slashing (Minor) at 18:09

Goalie Stats

Jonathan Quick (STL), 21 saves from 23 shots - (0.913), L, 4-3-1, 60:00 minutes
Dwayne Roloson (CHI), 16 saves from 17 shots - (0.941), W, 5-1-1, 60:00 minutes

Players Stats

Blues
Player Name              G  A  P  +/- PIM S  H  SB FO    MP 
------------------------------------------------------------
Brad Lukowich            0  0  0  -1  0   0  1  0  0/0   19 
Brian Pothier            0  0  0   1  2   0  1  0  0/0   17 
Brian Willsie            0  0  0  -1  0   0  0  0  0/0   7  
Chris Kunitz             0  0  0  -1  2   1  0  1  0/0   19 
Daymond Langkow          0  0  0   0  2   1  0  0  4/11  14 
Dion Phaneuf             0  0  0  -1  6   0  4  1  0/0   21 
Hal Gill                 0  0  0   0  2   0  3  2  0/0   18 
Jarome Iginla            0  0  0   0  0   2  2  1  0/2   20 
Jerred Smithson          0  0  0  -1  0   0  0  0  3/5   8  
Jussi Jokinen            0  0  0   0  0   0  1  1  0/0   10 
Kristian Huselius        0  1  1   1  0   1  1  0  1/1   15 
Marek Svatos             0  0  0  -1  0   2  0  0  0/0   12 
Matthew Lombardi         1  0  1   0  0   6  2  0  20/29 21 
Mike Comrie              0  0  0   0  0   1  0  0  0/0   12 
Robyn Regehr             0  0  0  -1  0   0  0  1  0/0   18 
Saku Koivu               0  0  0   0  2   0  1  0  15/23 19 
Scott Niedermayer        0  0  0   0  0   2  1  0  0/0   23 
Stephane Yelle           0  0  0  -1  2   1  0  0  0/0   9  
BlackHawks
Player Name              G  A  P  +/- PIM S  H  SB FO    MP 
------------------------------------------------------------
Adam Foote               0  0  0   0  2   0  4  3  0/0   17 
Alexander Steen          1  0  1   1  0   2  0  0  1/2   8  
Andrew Ebbett            0  0  0   1  0   0  0  0  2/6   10 
Brett Clark              0  1  1   0  2   0  0  0  0/0   21 
Darryl Sydor             0  0  0   1  0   1  1  1  0/0   19 
Kim Johnsson             0  0  0   0  0   1  2  0  0/0   24 
Martin Erat              0  0  0   0  0   1  1  0  0/0   16 
Mike Grier               0  0  0   1  2   2  3  0  0/0   10 
P.J. Axelsson            0  0  0   0  0   0  0  0  0/0   8  
Patrick Kane             0  1  1   1  0   4  0  0  0/1   17 
Patrick Marleau          0  1  1   0  0   3  4  0  8/30  24 
Patrick Sharp            1  1  2   1  0   4  1  0  2/2   20 
Paul Kariya              0  0  0  -1  0   2  0  0  1/1   20 
Rob Niedermayer          0  0  0   0  2   0  0  0  0/0   10 
Robert Scuderi           0  0  0   1  4   0  2  1  0/0   15 
Sami Salo                0  0  0   0  0   1  2  0  0/0   21 
Samuel Pahlsson          0  0  0   0  0   0  1  0  6/12  9  
Todd White               0  0  0   0  0   2  0  0  8/17  19 

3 Stars

1 - Patrick Sharp (CHI)
2 - Matthew Lombardi (STL)
3 - Alexander Steen (CHI)

Power Play

Blues - 0 on 4 Attempt(s) - 0.00%
BlackHawks - 0 on 7 Attempt(s) - 0.00%

Penalty Kill

Blues - 7 on 7 Attempt(s) - 100.00% - Score 0 goal in Penalty Kill
BlackHawks - 4 on 4 Attempt(s) - 100.00% - Score 0 goal in Penalty Kill

Game Notes

No Game Note

Play by Play

Period #1

0:01 of 1st period - Saku Koivu wins face-off versus Patrick Marleau in neutral zone.
0:05 of 1st period - Off-side.
0:06 of 1st period - Matthew Lombardi wins face-off versus Todd White in neutral zone.
1:07 of 1st period - Shot by Saku Koivu.
1:07 of 1st period - Shot Misses the Net.
1:11 of 1st period - Shot by Saku Koivu.
1:11 of 1st period - Shot Blocked by Adam Foote.
1:15 of 1st period - Shot by Jarome Iginla.
1:15 of 1st period - Shot Blocked by Adam Foote.
1:17 of 1st period - Shot by Scott Niedermayer.
1:17 of 1st period - Stopped by Dwayne Roloson without a rebound.
1:18 of 1st period - Patrick Marleau wins face-off versus Daymond Langkow in BlackHawks zone.
1:25 of 1st period - Mike Comrie is hit by Patrick Sharp.
2:12 of 1st period - Shot by Darryl Sydor.
2:12 of 1st period - Stopped by Jonathan Quick without a rebound.
2:13 of 1st period - Samuel Pahlsson wins face-off versus Saku Koivu in Blues zone.
2:13 of 1st period - Robert Scuderi is hit by Dion Phaneuf.
2:18 of 1st period - P.J. Axelsson is hit by Dion Phaneuf and loses puck.
2:30 of 1st period - Off-side.
2:31 of 1st period - Matthew Lombardi wins face-off versus Alexander Steen in neutral zone.
2:38 of 1st period - Shot by Matthew Lombardi.
2:38 of 1st period - Shot Misses the Net.
2:40 of 1st period - Shot by Matthew Lombardi.
2:40 of 1st period - Stopped by Dwayne Roloson without a rebound.
2:41 of 1st period - Jerred Smithson wins face-off versus Samuel Pahlsson in BlackHawks zone.
2:42 of 1st period - Shot by Stephane Yelle.
2:42 of 1st period - Stopped by Dwayne Roloson without a rebound.
2:43 of 1st period - Andrew Ebbett wins face-off versus Jerred Smithson in BlackHawks zone.
2:55 of 1st period - Minor Penalty to Dion Phaneuf for Charging.
2:56 of 1st period - Saku Koivu wins face-off versus Patrick Marleau in Blues zone.
3:08 of 1st period - Shot by Kim Johnsson.
3:08 of 1st period - Stopped by Jonathan Quick without a rebound.
3:09 of 1st period - Todd White wins face-off versus Saku Koivu in Blues zone.
3:59 of 1st period - Icing by Patrick Marleau.
4:00 of 1st period - Saku Koivu wins face-off versus Patrick Marleau in BlackHawks zone.
4:21 of 1st period - Shot by Sami Salo.
4:21 of 1st period - Stopped by Jonathan Quick without a rebound.
4:22 of 1st period - Saku Koivu wins face-off versus Patrick Marleau in Blues zone.
4:32 of 1st period - Icing by Kim Johnsson.
4:33 of 1st period - Saku Koivu wins face-off versus Patrick Marleau in BlackHawks zone.
5:00 of 1st period - Icing by Jussi Jokinen.
5:01 of 1st period - Todd White wins face-off versus Daymond Langkow in Blues zone.
5:05 of 1st period - Paul Kariya is hit by Hal Gill and loses puck.
5:21 of 1st period - Todd White is hit by Hal Gill and loses puck.
5:31 of 1st period - Martin Erat is hit by Brian Pothier and loses puck.
5:53 of 1st period - Minor Penalty to Stephane Yelle for Cross-checking.
5:54 of 1st period - Saku Koivu wins face-off versus Patrick Marleau in Blues zone.
6:03 of 1st period - Shot by Patrick Marleau.
6:03 of 1st period - Shot Misses the Net.
6:05 of 1st period - Shot by Kim Johnsson.
6:05 of 1st period - Deflect By Patrick Kane.
6:05 of 1st period - Stopped by Jonathan Quick with a rebound.
6:13 of 1st period - Shot by Patrick Marleau.
6:13 of 1st period - Shot Blocked by Dion Phaneuf.
6:41 of 1st period - Scott Niedermayer is hit by Martin Erat and loses puck.
6:52 of 1st period - Shot by Martin Erat.
6:52 of 1st period - Shot Misses the Net.
6:54 of 1st period - Shot by Darryl Sydor.
6:54 of 1st period - Shot Blocked by Chris Kunitz.
7:09 of 1st period - Off-side.
7:10 of 1st period - Matthew Lombardi wins face-off versus Patrick Marleau in neutral zone.
7:24 of 1st period - Shot by Patrick Marleau.
7:24 of 1st period - Shot Blocked by Hal Gill.
7:26 of 1st period - Shot by Patrick Marleau.
7:26 of 1st period - Stopped by Jonathan Quick without a rebound.
7:27 of 1st period - Saku Koivu wins face-off versus Todd White in Blues zone.
7:56 of 1st period - Shot by Mike Grier.
7:56 of 1st period - Stopped by Jonathan Quick without a rebound.
7:57 of 1st period - Samuel Pahlsson wins face-off versus Daymond Langkow in Blues zone.
10:18 of 1st period - Shot by Paul Kariya.
10:18 of 1st period - Stopped by Jonathan Quick without a rebound.
10:19 of 1st period - Matthew Lombardi wins face-off versus Andrew Ebbett in Blues zone.
10:21 of 1st period - Icing by Marek Svatos.
10:22 of 1st period - Alexander Steen wins face-off versus Matthew Lombardi in Blues zone.
10:35 of 1st period - Robert Scuderi is hit by Matthew Lombardi and loses puck.
10:41 of 1st period - Marek Svatos is hit by Robert Scuderi and loses puck.
10:55 of 1st period - Shot by Andrew Ebbett.
10:55 of 1st period - Shot Misses the Net.
11:18 of 1st period - Martin Erat is hit by Brad Lukowich and loses puck.
11:22 of 1st period - Icing by Brad Lukowich.
11:23 of 1st period - Matthew Lombardi wins face-off versus Patrick Marleau in Blues zone.
11:47 of 1st period - Shot by Patrick Sharp.
11:47 of 1st period - Goal by Patrick Sharp - Blues : 0 - BlackHawks : 1.
11:48 of 1st period - Samuel Pahlsson wins face-off versus Daymond Langkow in neutral zone.
12:14 of 1st period - P.J. Axelsson is hit by Hal Gill and loses puck.
12:20 of 1st period - Off-side.
12:21 of 1st period - Todd White wins face-off versus Saku Koivu in neutral zone.
12:41 of 1st period - Martin Erat is hit by Dion Phaneuf and loses puck.
13:39 of 1st period - Shot by Patrick Marleau.
13:39 of 1st period - Deflect By Patrick Kane.
13:39 of 1st period - Shot Misses the Net.
13:41 of 1st period - Shot by Kim Johnsson.
13:41 of 1st period - Shot Blocked by Jussi Jokinen.
13:45 of 1st period - Shot by Patrick Marleau.
13:45 of 1st period - Deflect By Patrick Sharp.
13:45 of 1st period - Shot Misses the Net.
13:49 of 1st period - Shot by Patrick Kane.
13:49 of 1st period - Stopped by Jonathan Quick with a rebound.
13:53 of 1st period - Shot by Patrick Kane.
13:53 of 1st period - Shot Misses the Net.
13:55 of 1st period - Shot by Patrick Kane.
13:55 of 1st period - Stopped by Jonathan Quick without a rebound.
13:56 of 1st period - Jerred Smithson wins face-off versus Andrew Ebbett in Blues zone.
14:05 of 1st period - Shot by Scott Niedermayer.
14:05 of 1st period - Deflect By Jerred Smithson.
14:05 of 1st period - Shot Blocked by Darryl Sydor.
14:20 of 1st period - Icing by Darryl Sydor.
14:21 of 1st period - Matthew Lombardi wins face-off versus Andrew Ebbett in BlackHawks zone.
14:45 of 1st period - Off-side.
14:46 of 1st period - Saku Koivu wins face-off versus Todd White in neutral zone.
15:19 of 1st period - Minor Penalty to Dion Phaneuf for High sticking.
15:20 of 1st period - Patrick Marleau wins face-off versus Matthew Lombardi in Blues zone.
15:36 of 1st period - Icing by Patrick Sharp.
15:37 of 1st period - Saku Koivu wins face-off versus Patrick Marleau in BlackHawks zone.
16:03 of 1st period - Icing by Kim Johnsson.
16:04 of 1st period - Matthew Lombardi wins face-off versus Patrick Marleau in BlackHawks zone.
17:24 of 1st period - Off-side.
17:25 of 1st period - Jerred Smithson wins face-off versus Samuel Pahlsson in neutral zone.
17:56 of 1st period - Shot by P.J. Axelsson.
17:56 of 1st period - Shot Misses the Net.
17:57 of 1st period - Minor Penalty to Rob Niedermayer for Tripping.
17:57 of 1st period - Minor Penalty to Dion Phaneuf for Hooking.
17:58 of 1st period - Matthew Lombardi wins face-off versus Patrick Marleau in Blues zone.
18:07 of 1st period - Shot by Matthew Lombardi.
18:07 of 1st period - Deflect By Kristian Huselius.
18:07 of 1st period - Shot Misses the Net.
18:13 of 1st period - Shot by Kristian Huselius.
18:13 of 1st period - Deflect By Matthew Lombardi.
18:13 of 1st period - Goal by Matthew Lombardi - Blues : 1 - BlackHawks : 1.
18:14 of 1st period - Saku Koivu wins face-off versus Todd White in neutral zone.
18:26 of 1st period - Off-side.
18:27 of 1st period - Matthew Lombardi wins face-off versus Todd White in neutral zone.
18:46 of 1st period - Shot by Todd White.
18:46 of 1st period - Stopped by Jonathan Quick without a rebound.
18:47 of 1st period - Saku Koivu wins face-off versus Patrick Marleau in Blues zone.
18:54 of 1st period - Patrick Marleau is hit by Jarome Iginla.
19:02 of 1st period - Shot by Patrick Marleau.
19:02 of 1st period - Shot Misses the Net.
19:57 of 1st period - Shot by Patrick Sharp.
19:57 of 1st period - Stopped by Jonathan Quick with a rebound.
19:59 of 1st period - Shot by Alexander Steen.
19:59 of 1st period - Goal by Alexander Steen - Blues : 1 - BlackHawks : 2.

Period #2

0:01 of 2nd period - Saku Koivu wins face-off versus Patrick Marleau in neutral zone.
0:22 of 2nd period - Kim Johnsson is hit by Kristian Huselius and loses puck.
0:26 of 2nd period - Patrick Marleau is hit by Saku Koivu and loses puck.
1:09 of 2nd period - Shot by Marek Svatos.
1:09 of 2nd period - Stopped by Dwayne Roloson without a rebound.
1:10 of 2nd period - Andrew Ebbett wins face-off versus Daymond Langkow in BlackHawks zone.
1:20 of 2nd period - Minor Penalty to Brian Pothier for Slashing.
1:21 of 2nd period - Matthew Lombardi wins face-off versus Todd White in Blues zone.
1:43 of 2nd period - Icing by Todd White.
1:44 of 2nd period - Todd White wins face-off versus Jarome Iginla in BlackHawks zone.
2:52 of 2nd period - Shot by Patrick Kane.
2:52 of 2nd period - Shot Hit the Post.
3:04 of 2nd period - Shot by Sami Salo.
3:04 of 2nd period - Shot Blocked by Hal Gill.
3:15 of 2nd period - Icing by Rob Niedermayer.
3:16 of 2nd period - Saku Koivu wins face-off versus Todd White in BlackHawks zone.
3:41 of 2nd period - Scott Niedermayer is hit by Mike Grier.
3:58 of 2nd period - Minor Penalty to Robert Scuderi for Tripping.
3:59 of 2nd period - Matthew Lombardi wins face-off versus Patrick Marleau in BlackHawks zone.
6:02 of 2nd period - Shot by Jarome Iginla.
6:02 of 2nd period - Shot Misses the Net.
6:30 of 2nd period - Shot by Todd White.
6:30 of 2nd period - Stopped by Jonathan Quick without a rebound.
6:31 of 2nd period - Matthew Lombardi wins face-off versus Samuel Pahlsson in Blues zone.
6:31 of 2nd period - Matthew Lombardi is hit by Samuel Pahlsson.
6:50 of 2nd period - Off-side.
6:51 of 2nd period - Paul Kariya wins face-off versus Saku Koivu in neutral zone.
7:19 of 2nd period - Jarome Iginla is hit by Mike Grier and loses puck.
7:29 of 2nd period - Minor Penalty to Mike Grier for Tripping.
7:30 of 2nd period - Matthew Lombardi wins face-off versus Samuel Pahlsson in BlackHawks zone.
9:37 of 2nd period - Minor Penalty to Daymond Langkow for Hooking.
9:38 of 2nd period - Todd White wins face-off versus Matthew Lombardi in Blues zone.
9:45 of 2nd period - Shot by Sami Salo.
9:45 of 2nd period - Shot Misses the Net.
10:28 of 2nd period - Dion Phaneuf is hit by Patrick Marleau.
10:33 of 2nd period - Patrick Sharp is hit by Dion Phaneuf.
11:07 of 2nd period - Shot by Paul Kariya.
11:07 of 2nd period - Stopped by Jonathan Quick without a rebound.
11:08 of 2nd period - Kristian Huselius wins face-off versus Patrick Marleau in Blues zone.
11:34 of 2nd period - Shot by Patrick Kane.
11:34 of 2nd period - Stopped by Jonathan Quick without a rebound.
11:35 of 2nd period - Todd White wins face-off versus Saku Koivu in Blues zone.
11:44 of 2nd period - Icing by Robert Scuderi.
11:45 of 2nd period - Daymond Langkow wins face-off versus Andrew Ebbett in BlackHawks zone.
12:09 of 2nd period - Icing by Hal Gill.
12:10 of 2nd period - Todd White wins face-off versus Daymond Langkow in Blues zone.
13:35 of 2nd period - Minor Penalty to Adam Foote for Tripping.
13:35 of 2nd period - Minor Penalty to Chris Kunitz for Interference.
13:36 of 2nd period - Patrick Marleau wins face-off versus Matthew Lombardi in BlackHawks zone.
13:40 of 2nd period - Kim Johnsson is hit by Matthew Lombardi and loses puck.
13:55 of 2nd period - Shot by Patrick Marleau.
13:55 of 2nd period - Stopped by Jonathan Quick without a rebound.
13:56 of 2nd period - Patrick Sharp wins face-off versus Saku Koivu in Blues zone.
14:15 of 2nd period - Dion Phaneuf is hit by Patrick Marleau and loses puck.
14:51 of 2nd period - Icing by Darryl Sydor.
14:52 of 2nd period - Matthew Lombardi wins face-off versus Patrick Kane in BlackHawks zone.
14:53 of 2nd period - Shot by Kristian Huselius.
14:53 of 2nd period - Shot Blocked by Robert Scuderi.
14:57 of 2nd period - Shot by Kristian Huselius.
14:57 of 2nd period - Stopped by Dwayne Roloson without a rebound.
14:58 of 2nd period - Patrick Sharp wins face-off versus Matthew Lombardi in BlackHawks zone.
15:07 of 2nd period - Shot by Patrick Sharp.
15:07 of 2nd period - Stopped by Jonathan Quick with a rebound.
15:11 of 2nd period - Shot by Patrick Sharp.
15:11 of 2nd period - Stopped by Jonathan Quick without a rebound.
15:12 of 2nd period - Patrick Marleau wins face-off versus Matthew Lombardi in Blues zone.
15:19 of 2nd period - Shot by Paul Kariya.
15:19 of 2nd period - Shot Misses the Net.
15:23 of 2nd period - Shot by Patrick Marleau.
15:23 of 2nd period - Shot Misses the Net.
15:25 of 2nd period - Shot by Patrick Marleau.
15:25 of 2nd period - Stopped by Jonathan Quick without a rebound.
15:26 of 2nd period - Saku Koivu wins face-off versus Todd White in Blues zone.
15:38 of 2nd period - Mike Comrie is hit by Robert Scuderi and loses puck.
15:39 of 2nd period - Minor Penalty to Robert Scuderi for Slashing.
15:40 of 2nd period - Matthew Lombardi wins face-off versus Patrick Marleau in BlackHawks zone.
15:43 of 2nd period - Shot by Matthew Lombardi.
15:43 of 2nd period - Deflect By Marek Svatos.
15:43 of 2nd period - Stopped by Dwayne Roloson without a rebound.
15:44 of 2nd period - Matthew Lombardi wins face-off versus Patrick Marleau in BlackHawks zone.
16:01 of 2nd period - Shot by Marek Svatos.
16:01 of 2nd period - Deflect By Matthew Lombardi.
16:01 of 2nd period - Stopped by Dwayne Roloson with a rebound.
16:05 of 2nd period - Shot by Chris Kunitz.
16:05 of 2nd period - Stopped by Dwayne Roloson without a rebound.
16:06 of 2nd period - Samuel Pahlsson wins face-off versus Jarome Iginla in BlackHawks zone.
17:00 of 2nd period - Icing by Brad Lukowich.
17:01 of 2nd period - Matthew Lombardi wins face-off versus Patrick Marleau in Blues zone.
17:52 of 2nd period - Shot by Alexander Steen.
17:52 of 2nd period - Stopped by Jonathan Quick without a rebound.
17:53 of 2nd period - Samuel Pahlsson wins face-off versus Jerred Smithson in Blues zone.
18:33 of 2nd period - Icing by Robert Scuderi.
18:34 of 2nd period - Matthew Lombardi wins face-off versus Samuel Pahlsson in BlackHawks zone.
18:35 of 2nd period - Shot by Marek Svatos.
18:35 of 2nd period - Deflect By Matthew Lombardi.
18:35 of 2nd period - Stopped by Dwayne Roloson without a rebound.
18:36 of 2nd period - Matthew Lombardi wins face-off versus Patrick Marleau in BlackHawks zone.
18:38 of 2nd period - Marek Svatos is hit by Sami Salo and loses puck.
18:42 of 2nd period - Icing by Patrick Kane.
18:43 of 2nd period - Daymond Langkow wins face-off versus Patrick Marleau in BlackHawks zone.
19:08 of 2nd period - Shot by Jussi Jokinen.
19:08 of 2nd period - Shot Misses the Net.
19:10 of 2nd period - Shot by Brian Pothier.
19:10 of 2nd period - Shot Misses the Net.
19:23 of 2nd period - Chris Kunitz is hit by Kim Johnsson.
19:30 of 2nd period - Marek Svatos is hit by Kim Johnsson and loses puck.
19:36 of 2nd period - Matthew Lombardi is hit by Sami Salo and loses puck.
19:51 of 2nd period - Shot by Marek Svatos.
19:51 of 2nd period - Deflect By Matthew Lombardi.
19:51 of 2nd period - Stopped by Dwayne Roloson with a rebound.
19:53 of 2nd period - Shot by Matthew Lombardi.
19:53 of 2nd period - Shot Misses the Net.

Period #3

0:01 of 3rd period - Saku Koivu wins face-off versus Patrick Marleau in neutral zone.
0:58 of 3rd period - Shot by Matthew Lombardi.
0:58 of 3rd period - Stopped by Dwayne Roloson without a rebound.
0:59 of 3rd period - Todd White wins face-off versus Daymond Langkow in BlackHawks zone.
2:50 of 3rd period - Robyn Regehr is hit by Patrick Marleau and loses puck.
4:24 of 3rd period - Minor Penalty to Saku Koivu for Hooking.
4:25 of 3rd period - Patrick Marleau wins face-off versus Matthew Lombardi in Blues zone.
5:32 of 3rd period - Off-side.
5:33 of 3rd period - Patrick Marleau wins face-off versus Matthew Lombardi in neutral zone.
5:38 of 3rd period - Hal Gill is hit by Patrick Marleau and loses puck.
6:36 of 3rd period - Andrew Ebbett is hit by Scott Niedermayer and loses puck.
6:48 of 3rd period - Scott Niedermayer is hit by Adam Foote and loses puck.
7:10 of 3rd period - Jussi Jokinen is hit by Adam Foote and loses puck.
7:19 of 3rd period - Shot by Mike Comrie.
7:19 of 3rd period - Stopped by Dwayne Roloson with a rebound.
7:46 of 3rd period - Kristian Huselius is hit by Adam Foote and loses puck.
8:15 of 3rd period - Shot by Patrick Kane.
8:15 of 3rd period - Shot Misses the Net.
8:17 of 3rd period - Shot by Patrick Marleau.
8:17 of 3rd period - Shot Blocked by Jarome Iginla.
8:31 of 3rd period - Shot by Patrick Sharp.
8:31 of 3rd period - Shot Misses the Net.
9:12 of 3rd period - Chris Kunitz is hit by Darryl Sydor.
9:17 of 3rd period - Minor Penalty to Brett Clark for Tripping.
9:18 of 3rd period - Samuel Pahlsson wins face-off versus Matthew Lombardi in BlackHawks zone.
10:36 of 3rd period - Stephane Yelle is hit by Mike Grier and loses puck.
10:59 of 3rd period - Shot by Scott Niedermayer.
10:59 of 3rd period - Shot Misses the Net.
11:27 of 3rd period - Shot by P.J. Axelsson.
11:27 of 3rd period - Shot Misses the Net.
14:30 of 3rd period - Shot by Jarome Iginla.
14:30 of 3rd period - Stopped by Dwayne Roloson without a rebound.
14:31 of 3rd period - Patrick Marleau wins face-off versus Saku Koivu in BlackHawks zone.
14:31 of 3rd period - Patrick Marleau is hit by Jarome Iginla.
15:35 of 3rd period - Shot by Andrew Ebbett.
15:35 of 3rd period - Shot Misses the Net.
15:37 of 3rd period - Shot by Mike Grier.
15:37 of 3rd period - Stopped by Jonathan Quick without a rebound.
15:38 of 3rd period - Daymond Langkow wins face-off versus Todd White in Blues zone.
15:43 of 3rd period - Brett Clark is hit by Jussi Jokinen and loses puck.
16:00 of 3rd period - Shot by Daymond Langkow.
16:00 of 3rd period - Stopped by Dwayne Roloson without a rebound.
16:01 of 3rd period - Matthew Lombardi wins face-off versus Samuel Pahlsson in BlackHawks zone.
16:56 of 3rd period - Shot by Andrew Ebbett.
16:56 of 3rd period - Shot Blocked by Robyn Regehr.
17:39 of 3rd period - Kristian Huselius is hit by Adam Foote and loses puck.
17:46 of 3rd period - Shot by Saku Koivu.
17:46 of 3rd period - Shot Blocked by Adam Foote.
17:48 of 3rd period - Shot by Jarome Iginla.
17:48 of 3rd period - Stopped by Dwayne Roloson with a rebound.
17:52 of 3rd period - Shot by Scott Niedermayer.
17:52 of 3rd period - Stopped by Dwayne Roloson without a rebound.
17:53 of 3rd period - Daymond Langkow wins face-off versus Patrick Marleau in BlackHawks zone.
18:09 of 3rd period - Minor Penalty to Hal Gill for Slashing.
18:10 of 3rd period - Patrick Marleau wins face-off versus Saku Koivu in Blues zone.
19:12 of 3rd period - Shot by Martin Erat.
19:12 of 3rd period - Stopped by Jonathan Quick with a rebound.


Output by the SimonT Hockey Simulator (STHS) for Stephane Roy -- Original Page W3C XHTML 1.0 Valid